 Dungeon Crawl Stone Soup version 0.29-a0-668-g12ee2bf84d (webtiles) character file.

Game seed: 13863239419622511904

578 Newt the Poker (level 7, -2/55 HPs)
             Began as a Demonspawn Abyssal Knight on June 23, 2022.
             Was a Priest of Lugonu.
             Slain by an ogre
             ... wielding a +0 giant spiked club
              (17 damage)
             ... on level 4 of the Dungeon.
             The game lasted 00:13:12 (4005 turns).

Newt the Poker (Demonspawn Abyssal Knight)          Turns: 4005, Time: 00:13:13

Health: -2/55      AC: 11    Str: 15    XL:     7   Next: 13%
Magic:  0/9        EV:  6    Int: 11    God:    Lugonu [***...]
Gold:   110        SH:  4    Dex: 14    Spells: 6/6 levels left

rFire   . . .      SeeInvis .   a - +1 spear
rCold   + . .      Faith    .   (no shield)
rNeg    . . .      Spirit   +   s - +0 chain mail
rPois   .          Reflect  .   v - +0 helmet
rElec   .          Harm     .   (no cloak)
rCorr   .          Rampage  .   (no gloves)
Will    .....                   m - +0 pair of boots
Stlth   ..........              f - amulet of guardian spirit
HPRegen 0.18/turn               o - ring of protection from cold
MPRegen 0.11/turn               (no ring)

@: no status effects
A: spiny 1, condensation shield, weakness stinger 1
a: Renounce Religion, Depart the Abyss, Bend Space, Banish


You were on level 4 of the Dungeon.
You worshipped Lugonu.
Lugonu was most pleased with you.
You visited 1 branch of the dungeon, and saw 4 of its levels.
You visited the Abyss 1 time.

You collected 110 gold pieces.

Inventory:

Hand Weapons
 a - a +1 spear (weapon)
 j - a +3 short sword
Armour
 b - a +0 leather armour
 m - a +0 pair of boots (worn)
 q - a +0 ring mail
 s - a +0 chain mail (worn)
 v - a +0 helmet (worn)
Jewellery
 f - an amulet of guardian spirit (around neck)
 o - a ring of protection from cold (left hand)
 p - a ring of see invisible
 r - a ring of ice
Scrolls
 e - a scroll of enchant weapon {unknown}
 i - 2 scrolls of fog {unknown}
 k - a scroll of immolation {unknown}
 l - a scroll of noise {unknown}
 n - a scroll of teleportation
 t - a scroll of summoning {unknown}
Potions
 c - a potion of resistance {unknown}
 d - a potion of mutation
 g - a potion of invisibility {unknown}
 h - a potion of haste
 u - a potion of lignification {unknown}


   Skills:
 + Level 4.3 Fighting
 * Level 5.0 Polearms
 + Level 3.4 Armour
 - Level 1.0 Dodging
 + Level 1.4 Shields
 * Level 3.8 Invocations


You had 6 spell levels left.
You didn't know any spells.
Your spell library contained the following spells:

 Spells                   Type           Power      Damage    Failure   Level
 Call Canine Familiar     Summ           0%         N/A       100%        3
 Conjure Flame            Conj/Fire      0%         6-21      100%        3
 Ignite Poison            Fire/Tmut/Pois 0%         N/A       100%        3
 Portal Projectile        Hex/Tloc       0%         N/A       100%        3
 Leda's Liquefaction      Hex/Erth       0%         N/A       100%        4
 Sticky Flame             Conj/Fire      0%         2d3       100%        4


Dungeon Overview and Level Annotations

Branches:
Dungeon (4/15)
 Temple: D:4-7

Altars:
Dithmenos
Hepliaklqana
Trog
The Shining One


Innate Abilities, Weirdness & Mutations

You are partially covered in sharp spines.
A meltable shield of frost defends you. (SH +4)
You have a small tail.


Message History

You kill Grinder!
Lugonu accepts your kill.
Your Polearms skill increases to level 5!
You have reached level 7!
You start resting.
Magic restored.
You start resting.
An ogre is nearby!
You climb upwards.
There is a stone staircase leading down, spattered with blood here.
You start resting.
HP restored.
You climb downwards.
You block the ogre's attack.
There is a stone staircase leading up, spattered with blood here.
Okay, then.
The ogre is struck by your spines.
The ogre hits you with a +0 giant spiked club!!
Press: ? - help, Shift-Dir - straight line, f - ogre
Aim: an ogre, wielding a +0 giant spiked club (lightly wounded, chance to affect: 81%)
You fail to use your ability.
The ogre is struck by your spines.
The ogre hits you with a +0 giant spiked club!!
You don't have enough magic at the moment.
Unknown command.
You barely miss the ogre. You tail-slap the ogre.
The ogre is moderately wounded.
You barely miss the ogre.
The ogre is moderately wounded.
The ogre is struck by your spines. The ogre hits you but does no damage.
You completely miss the ogre. You tail-slap the ogre.
The ogre is severely wounded.
You hit the ogre.
The ogre is severely wounded.
The ogre hits you with a +0 giant spiked club!
* * * LOW HITPOINT WARNING * * *
You hit the ogre.
The ogre is almost dead.
You barely miss the ogre.
The ogre is almost dead.
The ogre hits you with a +0 giant spiked club!!
You die...

...... .... ......
...... ......
#.........
.......####........#
..##...............#
...................
..#..............#.#
...................
.#....@O.....)#
#......[)....#
#.#......)...# #
#.....<....#
...#.....[....#
#...........##
..>#.........#
..##..........# .#
#..........#


You could see an ogre.

Vanquished Creatures
  Grinder (D:4)
  An ogre (D:3)
  A scorpion (D:3)
  2 orc priests
  An orc wizard (D:4)
  Robin (D:3)
  6 adders
  2 gnolls (D:1)
  A white imp (D:4)
  A dart slug (D:3)
  2 orcs (D:3)
  5 bats
  8 endoplasms
  A giant cockroach (D:4)
  11 goblins
  9 hobgoblins
  3 jackals (D:2)
  5 kobolds
  4 quokkas
  7 ball pythons
  3 frilled lizards
  2 rats (D:1)
77 creatures vanquished.

Notes
Turn   | Place    | Note
-------+----------+-------------------------------------------
     0 | Abyss:1  | Newt the Demonspawn Abyssal Knight began the quest for the
                  | Orb.
     0 | Abyss:1  | Reached XP level 1. HP: 18/18 MP: 2/2
    36 | Abyss:3  | Noticed a cacodemon
    37 | D:1      | Escaped the Abyss
   109 | D:1      | Reached skill level 1 in Dodging
   246 | D:1      | Reached ** piety under Lugonu
   247 | D:1      | Gained mutation: A meltable shield of frost defends you.
                  | (SH +4) [demonic ancestry]
   247 | D:1      | Reached XP level 2. HP: 13/24 MP: 3/3
   248 | D:1      | Reached skill level 2 in Polearms
   819 | D:1      | Gained mutation: You have a small tail. [demonic ancestry]
   819 | D:1      | Reached XP level 3. HP: 23/29 MP: 3/5
  1584 | D:2      | Reached XP level 4. HP: 37/37 MP: 6/6
  1819 | D:2      | Found a faded altar of an unknown god.
  1833 | D:2      | Reached skill level 3 in Polearms
  2192 | D:3      | Found a shadowy altar of Dithmenos.
  2201 | D:3      | Noticed an ogre
  2222 | D:3      | Killed an ogre
  2223 | D:3      | Reached skill level 1 in Shields
  2223 | D:3      | Reached XP level 5. HP: 15/42 MP: 2/7
  2545 | D:3      | Found a bloodstained altar of Trog.
  2545 | D:3      | Found a hazy altar of Hepliaklqana.
  2917 | D:4      | Noticed Robin
  2920 | D:4      | Reached *** piety under Lugonu
  3179 | D:4      | Noticed an ogre
  3212 | D:3      | Reached skill level 4 in Polearms
  3212 | D:3      | Gained mutation: You are partially covered in sharp spines.
                  | [demonic ancestry]
  3212 | D:3      | Reached XP level 6. HP: 20/48 MP: 6/8
  3543 | D:3      | Killed Robin
  3682 | D:4      | Noticed Grinder
  3683 | D:4      | Paralysed by Grinder for 2 turns
  3818 | D:4      | Paralysed by Grinder for 3 turns
  3827 | D:4      | Killed Grinder
  3828 | D:4      | Reached skill level 5 in Polearms
  3828 | D:4      | Reached XP level 7. HP: 25/55 MP: 5/9
  4005 | D:4      | Slain by an ogre

Illustrated notes

Levels and vault maps discovered:
D:1:      dpeg_arrival_round_a, layout_rooms, minmay_splitting_lines,
          roderic_serpentine_path, nicolae_figureground_pulse
D:2:      layout_basic, basic_altar, ebering_ecumenical_altar_abandoned,
          minivault_14, glass_columns_a, chequers_serial_rivers_micro_a,
          uniq_crazy_yiuf_cottage
D:3:      layout_basic, gammafunk_temple_overflow_claw, amcnicky_altar_gilded,
          kennysheep_generic_room_9
D:4:      layout_rooms, hangedman_ru_absence, nicolae_ossuary_entry_plus,
          uniq_duvessa, uniq_blork_the_orc, uniq_grinder, uniq_robin

Skill      XL: |  1  2  3  4  5  6 |
---------------+-------------------+-----
Dodging        | 1 |  1.0
Polearms       | 2 3 4 5 |  5.0
Armour         | 2 3 |  3.4
Fighting       | 4 |  4.3
Shields        | 1 |  1.4
Invocations    | 3 |  3.8

Action                   |  1- 3 |  4- 6 |  7- 9 || total
-------------------------+-------+-------+-------++-------
Melee: Spear             |   101 |   182 |     6 ||   289
       Tailslap          |     8 |    24 |     2 ||    34
Invok: Depart the Abyss  |     1 |       |       ||     1
  Use: Scroll            |     1 |     5 |       ||     6
       Potion            |       |     1 |       ||     1
 Stab: Sleeping          |     3 |     1 |       ||     4
Armor: Leather armour    |    15 |    16 |       ||    31
       Ring mail         |       |    10 |       ||    10
       Chain mail        |       |    56 |     1 ||    57
Dodge: Dodged            |    48 |    67 |       ||   115
Block: Other             |    17 |    24 |     1 ||    42

Table legend: (Time is in decaauts)
 A = Elapsed time spent in this place.
 B = Non-inter-level travel time spent in this place.
 C = Inter-level travel time spent in this place.
 D = Time resting spent in this place.
 E = Time spent auto-exploring this place.
 F = Levels seen in this place.
 G = Mean time per level.
                   A        B        C        D        E       F      G
               +--------+--------+--------+--------+--------+-----+--------+
         Total |   3979 |   3979 |      0 |   2052 |    575 |   7 |  568.4 |
       Dungeon |   3942 |   3942 |      0 |   2052 |    556 |   4 |  985.5 |
         Abyss |     36 |     36 |      0 |      0 |     19 |   3 |   12.0 |
               +--------+--------+--------+--------+--------+-----+--------+

Top non-repeatable levels by time:
     D:3: 1780 daAuts
     D:1: 1216 daAuts
     D:2: 786 daAuts
     D:4: 159 daAuts
 Abyss:2: 17 daAuts
 Abyss:1: 14 daAuts
 Abyss:3: 4 daAuts
